 Dungeon Crawl Stone Soup version 0.30-a0-122-g2a1322497e (webtiles) character file.

Game seed: 1740925368158082375

145 Flugkiller the Sneak (level 4, -5/38 HPs)
             Began as a Demigod Delver on Sept 16, 2022.
             Slain by a lemure (9 damage)
             ... led by Pikel
             ... on level 3 of the Dungeon.
             The game lasted 00:04:14 (3187 turns).

Flugkiller the Sneak (Demigod Delver)               Turns: 3187, Time: 00:04:15

Health: -5/38      AC:  3    Str: 13    XL:     4   Next: 78%
Magic:  6/6        EV: 13    Int: 12    God:
Gold:   179        SH:  0    Dex: 25    Spells: 3/3 levels left

rFire   . . .      SeeInvis .    g - +0 dagger (venom)
rCold   . . .      Faith    .    (no shield)
rNeg    . . .      Spirit   .    a - +0 leather armour
rPois   .          Reflect  .    (no helmet)
rElec   .          Harm     .    (no cloak)
rCorr   .          Rampage  .    (no gloves)
Will    .....                    (no boots)
Stlth   +++.......               (no amulet)
HPRegen 0.12/turn                e - +6 ring of dexterity
MPRegen 0.10/turn                (no ring)

@: no status effects
A: high MP 1, forlorn, divine attributes
a: no special abilities


You were on level 3 of the Dungeon.
You visited 1 branch of the dungeon, and saw 5 of its levels.

You collected 179 gold pieces.

Inventory:

Hand Weapons
 g - a +0 dagger of venom (weapon)
   (You found it on level 3 of the Dungeon)
 B - a +0 spear of venom
   (You took it off a gnoll on level 2 of the Dungeon)
Missiles
 v - 3 boomerangs (quivered)
Armour
 a - a +0 leather armour (worn)
Magical Staves
 A - a staff of cold
   (You found it on level 2 of the Dungeon)
Jewellery
 e - a +6 ring of dexterity (left hand)
   (You found it on level 1 of the Dungeon)
 m - a ring of wizardry
   (You found it on level 2 of the Dungeon)
 z - a ring of magical power
   (You found it on level 2 of the Dungeon)
Wands
 f - a wand of digging (3)
Scrolls
 b - a scroll of fog
 c - 2 scrolls of magic mapping
 d - a scroll of immolation {unknown}
 j - a scroll of poison
 l - a scroll of enchant armour
 n - a scroll of amnesia
 q - a scroll of brand weapon {unknown}
 t - a scroll of teleportation
 w - a scroll of silence {unknown}
 x - a scroll of vulnerability {unknown}
 y - a scroll of enchant weapon
Potions
 h - a potion of haste
 i - a potion of cancellation {unknown}
 k - 2 potions of might {unknown}
 o - a potion of attraction {unknown}
 p - a potion of berserk rage {unknown}
 s - a potion of lignification {unknown}
 u - 2 potions of flight {unknown}


   Skills:
 + Level 3.3 Fighting
 + Level 2.5 Dodging
 - Level 4.5 Stealth
 + Level 3.9 Unarmed Combat


You had 3 spell levels left.
You didn't know any spells.
Your spell library contained the following spells:

 Spells                   Type           Power      Damage    Failure   Level
 Blink                    Tloc           0%         N/A       54%         2
 Ensorcelled Hibernation  Hex/Ice        0%         N/A       54%         2
 Passwall                 Tmut/Erth      0%         N/A       54%         2
 Swiftness                Air            0%         N/A       77%         3
 Manifold Assault         Tloc           0%         N/A       99%         4
 Storm Form               Tmut/Air       0%         N/A       100%        7


Dungeon Overview and Level Annotations

Branches:
Dungeon (5/15) Zot: 24995
 Temple: D:4-7

Annotations:
D:3 2 transporters
D:4 Pikel


Innate Abilities, Weirdness & Mutations

You have an increased reservoir of magic. (+10% MP)
You shall have no god before yourself.
Your divine heritage dramatically boosts your attributes as you level up.


Message History

The adder closely misses you.
You hit the adder.
The adder is poisoned.
The adder is moderately wounded.
The adder bites you.
You are poisoned.
The adder poisons you!
You closely miss the adder.
The adder is heavily wounded.
You feel sick. The adder misses you. The adder bites you but does no damage.
You miss the adder.
The adder is almost dead.
You feel sick. The adder bites you but does no damage.
You hit the adder but do no damage.
The adder looks even sicker.
The adder is almost dead.
You feel sick. The adder bites you.
You barely miss the adder.
The adder is almost dead.
You feel sick.
You kill the adder!
No target in view!
No target in view!
No target in view!
No target in view!
No target in view!
You feel sick.
You are no longer poisoned.
You enter the shallow water.
Moving in this stuff is going to be slow.
A kobold comes into view. It is wielding a +0 short sword.
The kobold shouts!
A kobold is nearby!
A kobold is nearby!
The kobold misses you.
You hit the kobold but do no damage.
The kobold is poisoned.
The kobold barely misses you.
You completely miss the kobold.
The kobold is heavily wounded.
You kill the kobold!
No target in view!
No target in view!
No target in view!
No target in view!
No target in view!
No target in view!
No target in view!
You see here a +0 short sword.
You now have 179 gold pieces (gained 7).
Found 3 stones.
You see here 3 stones.
Found 7 stones.
You see here 7 stones.
Partly explored, unvisited transporter.
Partly explored, unvisited transporter.
Partly explored, unvisited transporter.
(D) Dungeon
Where to? (Enter - D:3, ? - help)
The orc priest shouts!
The orc priest shouts!
The shadow imp shouts!
You hear a shout!
There is a stone staircase leading down here.
You climb downwards.
You hear the hiss of flowing sand.
There is an entrance to an ossuary on this level.
Hurry and find it before the portal is buried!
The walls and floor vibrate strangely for a moment.
Found a whip, a fizzy blue potion and 7 gold pieces.
Found a stone staircase leading down.
There is a stone staircase leading up here. 2 orcs come into view.
Pikel and an adder come into view.
Pikel is wielding a +2 whip of flaming.
The orc shouts!
The adder hisses angrily.
The orc shouts!
The lemure shouts!
You hear a shout! x2
The lemure hits you.
An endoplasm comes into view.
Pikel shouts!
The hound barks!
You hit the lemure.
The lemure is poisoned.
The lemure is lightly wounded.
You hear a shout!
The lemure closely misses you. The lemure hits you!
The lemure attacks as you move away! The lemure hits you.
The lemure shouts!
An orc comes into view. It is wielding a +0 flail.
The lemure attacks as you move away! The lemure hits you.
The hound barely misses you. The hound closely misses you.
A worm comes into view.
There is a stone staircase leading up here.
Pikel says, "All the lords of Hell know my name!"
The lemure hits you! The hound bites you.
You climb upwards.
Level annotation: 2 transporters
There is a stone staircase leading down here.
The hound attacks as you move away! The hound bites you but does no damage.
The hound closely misses you. The lemure attacks as you move away!
The lemure hits you!
* * * LOW HITPOINT WARNING * * *
The hound attacks as you move away! The hound bites you but does no damage.
The lemure attacks as you move away! The lemure closely misses you.
The hound closely misses you. The hound attacks as you move away!
The hound bites you.
* * * LOW HITPOINT WARNING * * *
The lemure attacks as you move away! The lemure hits you!
You die...

...##.#8~#o5..o5o#P8#.#..# #
#..##.###############.#..# #
#..##.................#..########
.....#############.......#.......
.....................###.#.######
..##....##########.#.# #.#.######
..#####....#######.#.# #.........
..)..............#.#.#####.######
..########..####@..#.......# ..#
##..##.h5############ ..#
##.##..## #.......# ..# ##...>.#
#(#####.# ..# ###......# #.# #.#
..# ###........# #.# #.# ..#
#...#......# #.# #(#
#######.#######..#####.#####.#
.....P..###≈≈≈##.##..........#


You could see a lemure and a hound.

Vanquished Creatures
  2 gnolls (D:2)
  4 adders
  A worm (D:3)
  4 dart slugs
  5 orcs (D:3)
  8 ball pythons
  15 endoplasms
  3 giant cockroaches
  4 goblins
  2 hobgoblins
  3 jackals (D:2)
  5 bats
  A frilled lizard (D:3)
  7 kobolds
  5 rats
69 creatures vanquished.

Vanquished Creatures (others)
  6 plants (D:3)
6 creatures vanquished.

Grand Total: 75 creatures vanquished

Notes
Turn   | Place    | Note
-------+----------+-------------------------------------------
     0 | D:5      | Flugkiller the Demigod Delver began the quest for the Orb.
     0 | D:5      | Reached XP level 1. HP: 18/18 MP: 3/3
    59 | D:3      | Noticed an orc priest
    61 | D:3      | Found a transporter.
    63 | D:3      | Found a transporter.
   693 | D:2      | Reached XP level 2. HP: 13/25 MP: 4/4
  1207 | D:1      | Reached XP level 3. HP: 23/30 MP: 5/5
  2135 | D:2      | Reached XP level 4. HP: 38/38 MP: 6/6
  3176 | D:4      | Noticed a lemure
  3176 | D:4      | Noticed a lemure
  3176 | D:4      | Noticed a lemure
  3176 | D:4      | Noticed a lemure
  3178 | D:4      | Noticed Pikel
  3187 | D:3      | Slain by a lemure

Illustrated notes

Levels and vault maps discovered:
D:1:      minmay_arrival_doors, layout_rooms, nicolae_ecumenical_snake_handling
D:2:      layout_basic, serial_rivers, chequers_serial_rivers_micro_c,
          chequers_serial_rivers_micro_e, chequers_serial_rivers_micro_c,
          chequers_serial_rivers_small_b, chequers_serial_rivers_micro_d,
          chequers_serial_rivers_room_b, small_statue_intersection
D:3:      gammafunk_wand_slinger, layout_basic, nicolae_elyvilon_temple_path,
          chequers_serial_rivers_marsh
D:4:      layout_cave_pools, mainiacjoe_overflow_paths,
          nicolae_hepliaklqana_ecumenical_no_more,
          minmay_temple_entry_sparse_star, nicolae_ossuary_entry_plus,
          uniq_pikel, uniq_blork_the_orc
D:5:      cheibrodos_quashed, layout_layer_cave, uniq_grinder, uniq_eustachio

Skill      XL: |  1  2  3 |
---------------+----------+-----
Unarmed Combat | 2 3 |  3.9
Dodging        | 2 |  2.5
Fighting       | 3 |  3.3
Stealth        | |  4.5

Action                   |  1- 3 |  4- 6 || total
-------------------------+-------+-------++-------
Melee: Unarmed           |    20 |       ||    20
       Dagger            |   114 |    61 ||   175
       Punch             |     3 |       ||     3
  Use: Scroll            |     1 |     5 ||     6
 Stab: Sleeping          |    12 |     1 ||    13
       Distracted        |       |     1 ||     1
Armor: Leather armour    |    23 |    11 ||    34
Dodge: Dodged            |    81 |    39 ||   120

Table legend: (Time is in decaauts)
 A = Elapsed time spent in this place.
 B = Non-inter-level travel time spent in this place.
 C = Inter-level travel time spent in this place.
 D = Time resting spent in this place.
 E = Time spent auto-exploring this place.
 F = Levels seen in this place.
 G = Mean time per level.
                   A        B        C        D        E       F      G
               +--------+--------+--------+--------+--------+-----+--------+
         Total |   3190 |   3063 |    127 |    825 |   1279 |   5 |  638.0 |
       Dungeon |   3190 |   3063 |    127 |    825 |   1279 |   5 |  638.0 |
               +--------+--------+--------+--------+--------+-----+--------+

Top non-repeatable levels by time:
     D:3: 1417 daAuts
     D:2: 985 daAuts
     D:1: 753 daAuts
     D:4: 18 daAuts
     D:5: 16 daAuts
